 Dungeon Crawl Stone Soup version 0.31-a0-859-g9dce7d3444 (webtiles) character file.

Game seed: 14049485271846366261

91 Azuregosa the Magician (level 4, -6/49 HPs)
             Began as a Draconian Enchanter on Oct 9, 2023.
             Killed by divine providence
             ... invoked by an orc priest
              (11 damage)
             ... on level 3 of the Dungeon.
             The game lasted 00:08:26 (2057 turns).

Azuregosa the Magician (Draconian Enchanter)        Turns: 2057, Time: 00:08:27

Health: -6/49      AC: 22    Str: 11    XL:     4   Next: 33%
Magic:  10/10      EV:  2    Int: 17    God:
Gold:   164        SH:  0    Dex: 11    Spells: 3/11 levels left

rFire   . . .        p - +0 morningstar
rCold   . . .        (no shield)
rNeg    . . .        (body armour unavailable)
rPois   +            (helmet currently unavailable)
rElec   .            (cloak currently unavailable)
rCorr   .            (gloves currently unavailable)
SInv    .            (boots currently unavailable)
Will    .....        (no amulet)
Stlth   ++           (no ring)
HPRegen 0.28/turn    (no ring)
MPRegen 0.12/turn

%: no passive effects
@: tree-form
A: stationary, stasis, torment immunity, boosted hp, AC +5, unfitting armour,
(cold-blooded)
a: no special abilities


You were on level 3 of the Dungeon.
You were a tree.
You visited 1 branch of the dungeon, and saw 3 of its levels.

You collected 164 gold pieces.

Inventory:

Hand Weapons
 a - a +1 dagger
 e - a +0 dagger of speed
 p - a +0 morningstar (weapon)
Jewellery
 n - a ring of poison resistance
Talismans
 h - a beast talisman
Scrolls
 c - a scroll of identify {unknown}
 f - 2 scrolls of teleportation {unknown}
 i - a scroll of fog {unknown}
 j - a scroll of enchant armour {unknown}
 l - a scroll of immolation {unknown}
 s - 2 scrolls of blinking {unknown}
 t - a scroll of noise {unknown}
Potions
 b - 2 potions of invisibility
 d - a potion of heal wounds {unknown}
 g - a potion of curing {unknown}
 k - a potion of ambrosia {unknown}
 m - a potion of enlightenment {unknown}
 o - 2 potions of lignification
 q - a potion of resistance {unknown}
 r - a potion of brilliance {unknown}


   Skills:
 - Level 1.0 Short Blades
 - Level 1.7 Dodging
 - Level 2.6 Stealth
 + Level 4.3 Spellcasting
 - Level 2.6 Hexes


You had 3 spell levels left.
You knew the following spells:

 Your Spells              Type           Power      Damage    Failure   Level
a - Ensorcelled Hibernat  Hex/Ice        16%        N/A       13%         2
b - Tukima's Dance        Hex            12%        N/A       16%         3
c - Dazzling Flash        Conj/Hex       16%        N/A       26%         3

Your spell library contained the following spells:

 Spells                   Type           Power      Damage    Failure   Level
 Confusing Touch          Hex            12%        N/A       16%         3


Dungeon Overview and Level Annotations

Branches:
Dungeon (3/15)

Altars:


Innate Abilities, Weirdness & Mutations

You are a tree.
Your roots penetrate the ground, keeping you stationary.
You cannot be teleported.
You are immune to unholy pain and torment.
Your maximum health is greatly increased.
Your equipment is partially melded.
((Your plain brown scales are hard. (AC +5)))
You cannot fit into any form of body armour.
((You are cold-blooded and may be slowed by cold attacks.))


Message History

The adder is heavily wounded.
The adder bites you but does no damage. The adder bites you.
You are poisoned.
The adder poisons you!
You closely miss the adder.
The adder is heavily wounded.
You feel sick. The adder barely misses you.
The adder bites you but does no damage.
You hit the adder.
The adder is almost dead.
You feel sick. The adder bites you but does no damage.
The orc priest mumbles some strange prayers to Beogh against you.
Beogh smites you!
* * * LOW HITPOINT WARNING * * *
The adder bites you but does no damage.
You miss the adder.
The adder is almost dead.
* * * LOW HITPOINT WARNING * * *
You feel sick.
You are no longer poisoned.
The adder barely misses you. The adder closely misses you.
You barely miss the adder.
Your tail-slap misses the adder.
The adder is almost dead.
The adder closely misses you. x2
You puncture the adder!
You kill the adder!
The bat barely misses you. The bat hits you but does no damage.
The bat barely misses you.
You completely miss the bat.
Your tail-slap misses the bat.
The bat closely misses you. The bat hits you but does no damage.
The bat misses you.
It was a potion of lignification.
You turn into a tree.
Your roots penetrate the ground.
The bat hits you but does no damage.
You closely miss the bat. The bat completely misses you.
The adder bites you but does no damage.
You miss the adder.
The adder bites you but does no damage. x2
The orc hits you but does no damage.
The orc priest mumbles some strange prayers to Beogh against you.
Beogh smites you!
You die...

#.....# .. #.....#
#.# #.#...# ..#
#.....##.#
#.....#..#
#.......# #.>..ob##
#...ooS#########
#..##..#♣.......#
#.# ##.#........#
... #..........#
....####..........#
.. ..............#
.##.##........# #.
#........# #
#........#
#........#


You could see an orc priest, an adder, 2 orcs and a bat.

Vanquished Creatures
  3 adders
  3 worms (D:2)
  A dart slug (D:2)
  An orc (D:3)
  6 bats
  5 endoplasms
  3 giant cockroaches (D:1)
  7 hobgoblins
  4 jackals
  A quokka (D:1)
  2 ball pythons
  4 goblins
  3 kobolds
  5 rats
48 creatures vanquished.

Vanquished Creatures (collateral kills)
  A kobold (D:2)
1 creature vanquished.

Grand Total: 49 creatures vanquished

Notes
Turn   | Place    | Note
-------+----------+-------------------------------------------
     0 | D:1      | Azuregosa the Draconian Enchanter began the quest for the
                  | Orb.
     0 | D:1      | Reached XP level 1. HP: 14/14 MP: 3/3
   126 | D:2      | Reached XP level 2. HP: 12/20 MP: 3/5
   130 | D:2      | Learned a level 2 spell: Ensorcelled Hibernation
   492 | D:1      | Reached skill level 3 in Spellcasting
   710 | D:1      | Reached XP level 3. HP: 19/26 MP: 7/7
  1431 | D:2      | Reached skill level 4 in Spellcasting
  1505 | D:2      | Reached XP level 4. HP: 28/33 MP: 10/10
  1509 | D:2      | Learned a level 3 spell: Tukima's Dance
  1513 | D:2      | Learned a level 3 spell: Dazzling Flash
  2057 | D:3      | Killed from afar by an orc priest

Illustrated notes

Levels and vault maps discovered:
D:1:      beargit_arrival_diablo_church, layout_basic
D:2:      minmay_general_purpose_star, layout_basic,
          nicolae_concentric_dashed_squares_mild
D:3:      layout_rooms, mainiacjoe_overflow_small_starburst,
          kennysheep_generic_room_8

Skill      XL: |  1  2  3 |
---------------+----------+-----
Spellcasting   | 3 4 |  4.3
Short Blades   | |  1.0
Dodging        | |  1.7
Stealth        | |  2.6
Hexes          | |  2.6

Action                     |  1- 3 |  4- 6 || total
---------------------------+-------+-------++-------
  Melee: Dagger            |   137 |       ||   137
         Tailslap          |    14 |     3 ||    17
         Morningstar       |    16 |    61 ||    77
   Cast: Ensorcelled Hiber |    17 |       ||    17
         Tukima's Dance    |       |     1 ||     1
         Dazzling Flash    |       |     1 ||     1
    Use: Potion            |       |     1 ||     1
   Stab: Sleeping          |    10 |     1 ||    11
         Invisible         |       |     1 ||     1
 Armour: Skin              |    83 |    56 ||   139
  Dodge: Dodged            |   101 |    63 ||   164

Table legend: (Time is in decaauts)
 A = Elapsed time spent in this place.
 B = Non-inter-level travel time spent in this place.
 C = Inter-level travel time spent in this place.
 D = Time resting spent in this place.
 E = Time spent auto-exploring this place.
 F = Levels seen in this place.
 G = Mean time per level.
                   A        B        C        D        E       F      G
               +--------+--------+--------+--------+--------+-----+--------+
         Total |   2078 |   2016 |     62 |    193 |   1140 |   3 |  692.7 |
       Dungeon |   2078 |   2016 |     62 |    193 |   1140 |   3 |  692.7 |
               +--------+--------+--------+--------+--------+-----+--------+

Top non-repeatable levels by time:
     D:1: 1143 daAuts
     D:2: 845 daAuts
     D:3: 89 daAuts
